 Dungeon Crawl Stone Soup version 0.29.0-4-gdea44cf6ec (webtiles) character file.

Game seed: 12490253766566412682

32 qw the Sneak (level 3, -2/23 HPs)
             Began as a Gargoyle Delver on Sept 10, 2022.
             Slain by a hound (4 damage)
             ... on level 4 of the Dungeon.
             The game lasted 00:00:03 (339 turns).

qw the Sneak (Gargoyle Delver)                       Turns: 339, Time: 00:00:04

Health: -2/23      AC:  6    Str: 17    XL:     3   Next: 27%
Magic:  3/3        EV: 11    Int: 10    God:
Gold:   0          SH:  0    Dex: 11    Spells: 2/2 levels left

rFire   . . .      SeeInvis .   a - +0 hand axe
rCold   . . .      Faith    .   (no shield)
rNeg    + . .      Spirit   .   b - +0 leather armour
rPois   inf        Reflect  .   (no helmet)
rElec   +          Harm     .   (no cloak)
rCorr   .          Rampage  .   (no gloves)
Will    .....                   (no boots)
Stlth   +++.......              (no amulet)
HPRegen 0.07/turn               (no ring)
MPRegen 0.08/turn               (no ring)

@: no status effects
A: sickness immunity, AC +3, negative energy resistance 1, electricity
resistance, torment resistance 1, petrification resistance
a: no special abilities


You were on level 4 of the Dungeon.
You visited 1 branch of the dungeon, and saw 2 of its levels.


Innate Abilities, Weirdness & Mutations

You are immune to sickness and miasma.
Your stone body is resilient. (AC +3)
You are immune to poison.
You resist negative energy. (rN+)
You are resistant to electric shocks. (rElec)
You are resistant to unholy torment.
You are immune to petrification.


   Skills:
 - Level 3.2 Fighting
 + Level 3.3 Axes
 - Level 1.5 Dodging
 - Level 5.4 Stealth


You had 2 spell levels left.
You didn't know any spells.
Your spell library was empty.

Inventory:

Hand Weapons
 a - a +0 hand axe (weapon)
Armour
 b - a +0 leather armour (worn)
Wands
 g - a wand of digging (3)
Potions
 f - a potion of haste

Dungeon Overview and Level Annotations

Branches:
Dungeon (5/15)             Temple (0/1) D:4

Altars:


Message History

You hit the kobold.
You kill the kobold!
The orc priest hits you with a +0 hand axe.
You completely miss the orc priest.
The orc priest is moderately wounded.
The orc priest completely misses you.
The orc priest hits you with a +0 hand axe.
You hit the orc priest.
The orc priest is heavily wounded.
The orc priest hits you with a +0 hand axe.
You hit the orc priest.
The orc priest is almost dead.
The orc priest closely misses you.
You hit the orc priest.
You kill the orc priest!
The hound barely misses you.
Your Axes skill increases to level 3!
You have reached level 2!
You have reached level 3!
Your experience leads to an increase in your attributes!
Increase (S)trength, (I)ntelligence, or (D)exterity?
You feel stronger. x2
You hit the hound.
The hound is lightly wounded.
The hound bites you. The hound completely misses you.
You barely miss the hound.
The hound is lightly wounded.
The hound bites you. The hound barely misses you.
You hit the hound.
The hound is lightly wounded.
The hound misses you.
You hit the hound. You punch the hound, but do no damage.
The hound is moderately wounded.
The hound bites you but does no damage. The hound misses you.
You completely miss the hound.
The hound is moderately wounded.
The hound completely misses you. The hound barely misses you.
You hit the hound.
The hound is moderately wounded.
The hound bites you.
You die...

.# #.
.#.# #.#
.#(#.#
#.#
#.#.#.#
#.#
#.#.#.#
#.#
#.#.#K#
#.#
#.#.#.#.#
#.#.#)#
#.#@#.h.#
#>#h#.#.#
#.#.#.#.#
#.#
#.#.#.#
#.#
#.#.#.#
#.#
#.#.#.#
#.#
#.#.#.
#.# #.#.
.# ..


You could see a hound.

Vanquished Creatures
  An orc priest (D:4)
  A worm (D:4)
  A kobold (D:4)
3 creatures vanquished.

Notes
Turn   | Place    | Note
-------+----------+-------------------------------------------
     0 | D:5      | qw the Gargoyle Delver began the quest for the Orb.
     0 | D:5      | Reached XP level 1. HP: 14/14 MP: 1/1
     0 | D:5      | 0 ||| qw: Version: 0.1-a-117-gfe26ee0
     0 | D:5      | 0 ||| qw: Game counter: 9557
     0 | D:5      | 0 ||| qw: Always use a shield: true
     0 | D:5      | 0 ||| qw: God list: Okawaru
     0 | D:5      | 0 ||| qw: Allow faded altars: false
     0 | D:5      | 0 ||| qw: Do Orc after D:15 true
     0 | D:5      | 0 ||| qw: Do second Lair branch before Depths: true
     0 | D:5      | 0 ||| qw: Lair rune preference: random
     0 | D:5      | 0 ||| qw: Plans: Normal
     0 | D:5      | 0 ||| PLANNING D:1-11
     0 | D:5      | 0 ||| DROPPING scroll of fog.
     1 | D:5      | 1 ||| DROPPING scroll of magic mapping.
     2 | D:5      | 2 ||| DROPPING scroll of fear.
    20 | D:4      | HP: 1/14 [worm (7)]
   324 | D:4      | Found a staircase to the Ecumenical Temple.
   324 | D:4      | Noticed an orc priest
   325 | D:4      | 325 ||| PLANNING TEMPLE
   325 | D:4      | Noticed a hound
   326 | D:4      | 326 ||| Stepping ~*~*~tactically~*~*~ (stealth).
   331 | D:4      | HP: 3/14 [orc priest/+0 hand axe (1)]
   333 | D:4      | Killed an orc priest
   334 | D:4      | Reached skill level 3 in Axes
   334 | D:4      | Reached XP level 2. HP: 4/19 MP: 2/2
   334 | D:4      | Reached XP level 3. HP: 5/23 MP: 3/3
   335 | D:4      | HP: 1/23 [hound (2)]
   339 | D:4      | Slain by a hound

Levels and vault maps discovered:
D:4:      cheibrodos_greedy_goblins, layout_basic, nicolae_uskayaw_dance_hall,
          minmay_temple_entry_proselytizer, minmay_fountain_box, uniq_ijyb,
          uniq_grinder
D:5:      layout_basic, serial_demonic, serial_demonic_a, serial_demonic_f,
          serial_demonic_d, serial_demonic_c

Skill      XL: |  1 |
---------------+----+-----
Axes           | 3 |  3.3
Fighting       | |  3.2
Dodging        | |  1.5
Stealth        | |  5.4

Action                   || total
-------------------------++-------
Melee: Hand axe          ||    28
       Punch             ||     1
Armor: Leather armour    ||     4
Dodge: Dodged            ||    15

Table legend:
 A = Non-vault XP
 B = Vault XP
 C = Vault XP percentage of total XP
 D = Non-vault monster count
 E = Vault monster count
 F = Vault count percentage of total count
                 A         B        C        D         E       F
            +---------+---------+-------+---------+---------+-------
      Total |       6 |      41 |  87.2 |       2 |       1 |  33.3
            +---------+---------+-------+---------+---------+-------
        D:4 |       6 |      41 |  87.2 |       2 |       1 |  33.3
            +---------+---------+-------+---------+---------+-------
